 Dungeon Crawl Stone Soup version 0.30-a0-457-g4b7bca3bfa (webtiles) character file.

Game seed: 9367647465435913714

16722 qeuew the Cleaver (level 12, -1/106 HPs)
             Began as a Hill Orc Fighter on Dec 12, 2022.
             Was a Priest of Nemelex Xobeh.
             Slain by a brown ugly thing (11 damage)
             ... in a Gauntlet.
             The game lasted 00:21:38 (10103 turns).

qeuew the Cleaver (Hill Orc Fighter)               Turns: 10103, Time: 00:21:39

Health: -1/106     AC: 15    Str: 26    XL:     12   Next: 40%
Magic:  16/16      EV:  9    Int:  8    God:    Nemelex Xobeh [***...]
Gold:   765        SH:  0    Dex: 12    Spells: 11/11 levels left

rFire   . . .      SeeInvis +    a - +2 war axe (vorpal)
rCold   + + +      Faith    .    c - +0 buckler
rNeg    + . .      Spirit   .    i - +10 plate armour of Vyth {rC+ rN+ Str-2 SInv}
rPois   +          Reflect  +    (no helmet)
rElec   +          Harm     .    x - +2 cloak
rCorr   .          Rampage  .    (no gloves)
Will    +....      NoTele   +    f - +1 pair of boots
Stlth   ..........               m - amulet of reflection
HPRegen 0.37/turn                w - ring of Xom's Capriciousness {+Blink rPois rC++ Will+}
MPRegen 0.15/turn                s - +6 ring of strength

@: confused, ambrosia-drunk, corroded
A: iridescent scales 1, low MP 1, electricity resistance
a: Renounce Religion, Evoke Blink, Draw Escape, Draw Destruction, Draw
Summoning, Triple Draw


You were in a Gauntlet.
You worshipped Nemelex Xobeh.
Nemelex Xobeh was most pleased with you.
You visited 3 branches of the dungeon, and saw 14 of its levels.
You also visited: Gauntlet.

You collected 765 gold pieces.

Inventory:

Hand Weapons
 a - a +2 vorpal war axe (weapon)
Armour
 c - a +0 buckler (worn)
 f - a +1 pair of boots (worn)
 i - the +10 plate armour of Vyth (worn) {rC+ rN+ Str-2 SInv}
   (You found it on level 7 of the Dungeon)

   Str:       It affects your strength (-2).
   rC:        It protects you from cold.
   rN:        It protects you from negative energy.
   SInv:      It lets you see invisible.
 x - a +2 cloak (worn)
Jewellery
 b - a ring of positive energy
 m - an amulet of reflection (around neck)
 p - a ring of protection from fire
 s - a +6 ring of strength (right hand)
 w - the ring of Xom's Capriciousness (left hand) {+Blink rPois rC++ Will+}
   (You found it in a Gauntlet)

   [ring of poison resistance]

   rC:        It greatly protects you from cold.
   rPois:     It protects you from poison.
   +Blink:    It lets you blink.
   Will:      It increases your willpower.
Wands
 d - a wand of quicksilver (4)
 r - a wand of flame (14)
 t - a wand of roots (14)
Scrolls
 h - a scroll of enchant armour
 k - 4 scrolls of teleportation
 n - 4 scrolls of fear
 q - 2 scrolls of identify
 u - a scroll of fog
Potions
 e - a potion of flight
 j - 2 potions of magic
 l - a potion of heal wounds
 o - 2 potions of haste


   Skills:
 + Level 10.0 Fighting
 + Level 10.6 Axes
 + Level 9.1 Armour
 + Level 6.4 Dodging
 + Level 9.1 Shields
 * Level 9.1 Invocations
 + Level 7.3 Evocations


You had 11 spell levels left.
You didn't know any spells.
Your spell library contained the following spells:

 Spells                   Type           Power      Damage    Failure   Level
 Sting                    Tmut/Pois      0%         1d3       99%         1
 Poisonous Vapours        Pois/Air       0%         N/A       100%        2
 Olgreb's Toxic Radiance  Pois           0%         N/A       100%        4


Dungeon Overview and Level Annotations

Branches:
Dungeon (10/15)            Temple (1/1) D:7            Lair (4/5) D:10
  Slime (0/5) Lair:4      Gauntlet (1/1)
  Swamp: Lair:2-3    Shoals: Lair:2-3     Snake: Lair:2-3    Spider: Lair:2-3
    Orc: D:9-12

Altars:
Ashenzari
Dithmenos
Elyvilon
Fedhas
Hepliaklqana
Kikubaaqudgha
Makhleb
Nemelex Xobeh
Okawaru
Qazlal
Ru
Sif Muna
Trog
Uskayaw
Vehumet
Wu Jian
Xom
Yredelemnul
Zin
The Shining One
Jiyva

Shops:
D:10 (

Annotations:
D:4 1 runed translucent door, p00ps00p's ghost, novice HOFi
D:5 2 transporters, bande's ghost, novice GrFi
Temple 2 transporters Gauntlet 7 transporters


Innate Abilities, Weirdness & Mutations

You are partially covered in iridescent scales. (AC +2)
Your magical capacity is low. (-10% MP)
You are resistant to electric shocks. (rElec)


Message History

The golden eye dissolves into shadows! x3
The shining eye dissolves into shadows!
The smoke demon dissolves into shadows!
You closely miss the brown ugly thing.
The brown ugly thing closely misses you.
Your Fighting skill increases to level 10!
You bump into the translucent stone wall.
The brown ugly thing claws you but does no damage.
You bump into the stone wall.
You feel less invigorated. The brown ugly thing claws you!
You are splashed with acid.
You closely miss the brown ugly thing.
The brown ugly thing is heavily wounded.
The brown ugly thing closely misses you.
The brown ugly thing claws you but does no damage.
You slash the brown ugly thing!
The brown ugly thing is severely wounded.
The brown ugly thing claws you but does no damage.
You bump into the stone wall.
The brown ugly thing barely misses you.
You barely miss the brown ugly thing.
The brown ugly thing is severely wounded.
The brown ugly thing claws you.
You are splashed with acid!
You bump into the stone wall.
The brown ugly thing claws you but does no damage.
You bump into the stone wall.
The brown ugly thing claws you. The acid corrodes you!
You are splashed with acid!
* * * LOW HITPOINT WARNING * * *
Unknown command.
You are more confused.
You feel invigorated. The brown ugly thing claws you!
* * * LOW HITPOINT WARNING * * *
You are splashed with acid!
* * * LOW HITPOINT WARNING * * *
Unknown command.
The brown ugly thing claws you!
* * * LOW HITPOINT WARNING * * *
You are splashed with acid!
* * * LOW HITPOINT WARNING * * *
Unknown command.
You bump into the stone wall.
The brown ugly thing claws you!
You die...
Your body disappears without a glow.

#≈..#..!=©!...#..#ki.©"?
##..##.##.##.##..#G.#...
#≈..##.#####.##..#.###..
##§.#.........#..#..#©#
#§§.#.##.##u###..#...##
##§.#.##©##.###..#....#.
#≈..#.........#..#......
##..###.u#.##.#..#######
#§..###@##.##.#.....#©#.
##..###########.....#©#.
#≈......#©#......#######
##......#©#......#QQ[©..
#≈..###########..#.#.#.#
##..#..[(©....#..#..P.P.
#≈..#.#.....#.#..#.#.©.#
##..#.^#####^.#..#..P.P.
#≈..#..##.##..#..#.8.8.⌠


You could see a brown ugly thing.

Vanquished Creatures
  2 boulder beetles
  A two-headed ogre (D:9)
  A glowing orange brain (Gauntlet)
  An ugly thing (Gauntlet)
  A cyclops (D:9)
  A moth of wrath (Gauntlet)
  A smoke demon (Gauntlet)
  Maggie (D:7)
  A cane toad (Lair:1)
  An unseen horror (D:6)
  2 rime drakes
  A kobold demonologist (D:7)
  2 komodo dragons (Lair:1)
  3 trolls (D:10)
  A slime creature (D:7)
  4 wyverns
  24 yaks
  A basilisk (Lair:4)
  A steam dragon (D:7)
  10 water moccasins
  An acid dragon (D:10)
  An orc warrior (D:9)
  An ice beast (D:7)
  2 sky beasts (D:7)
  A black bear (D:6)
  5 wolves
  6 centaurs
  An ogre (D:7)
  4 phantoms
  3 kobold brigands
  8 bullfrogs
  5 necrophages
  2 scorpions (D:7)
  4 wights (D:7)
  3 killer bees (D:9)
  4 howler monkeys
  3 electric eels
  3 crimson imps (Gauntlet)
  8 hounds
  6 orc priests
  2 jellies (D:7)
  Ijyb (D:4)
  4 iguanas
  10 orc wizards
  5 hell rats (Lair:4)
  8 gnolls
  4 adders
  2 white imps (D:6)
  An ufetubus (D:6)
  2 dart slugs
  18 orcs
  7 ball pythons
  13 endoplasms
  5 giant cockroaches
  4 goblins
  7 hobgoblins
  17 kobolds
  3 quokkas
  9 bats
  2 frilled lizards
  5 rats
260 creatures vanquished.

Vanquished Creatures (others)
  5 fungi
  18 plants
  5 toadstools (D:1)
28 creatures vanquished.

Grand Total: 288 creatures vanquished

Notes
Turn   | Place    | Note
-------+----------+-------------------------------------------
     0 | D:1      | qeuew the Hill Orc Fighter began the quest for the Orb.
     0 | D:1      | Reached XP level 1. HP: 19/19 MP: 1/1
   143 | D:1      | Reached XP level 2. HP: 22/27 MP: 2/2
   424 | D:1      | Reached XP level 3. HP: 30/33 MP: 3/3
   899 | D:2      | Reached skill level 1 in Dodging
  1098 | D:2      | Identified the +0 robe of Enyrch {Drain MP+9 Int+3}
  1401 | D:2      | Reached XP level 4. HP: 40/40 MP: 4/4
  1402 | D:2      | Identified the +8 chain mail of Zeen {rPois Str+3 Int+4}
  1975 | D:3      | Found a glowing silver altar of Zin.
  2191 | D:3      | Found a faded altar of an unknown god.
  2207 | D:3      | Identified the +4 dagger of Spores {flame, Drain rN++
                  | Int+4}
  2605 | D:4      | Noticed Ijyb
  2611 | D:4      | Killed Ijyb
  2612 | D:4      | Reached XP level 5. HP: 39/47 MP: 5/5
  2990 | D:4      | Found a runed translucent door.
  2990 | D:4      | Noticed p00ps00p's ghost (novice HOFi)
  3001 | D:5      | Entered Level 5 of the Dungeon
  3015 | D:5      | Found a basalt altar of Yredelemnul.
  3046 | D:5      | Noticed a phantom
  3055 | D:5      | Killed a phantom
  3056 | D:5      | Reached XP level 6. HP: 53/53 MP: 6/6
  3101 | D:5      | Reached skill level 1 in Evocations
  3221 | D:5      | Reached skill level 5 in Fighting
  3239 | D:5      | Identified the +1 ring mail of the Northern Lights {rElec}
  3303 | D:5      | Noticed a hornet
  3338 | D:5      | Noticed bande's ghost (novice GrFi)
  3339 | D:5      | Found a transporter.
  3347 | D:5      | Found a transporter.
  3637 | D:5      | Gained mutation: You are partially covered in iridescent
                  | scales. (AC +2) [potion of mutation]
  3637 | D:5      | Gained mutation: Your magical capacity is low. (-10% MP)
                  | [potion of mutation]
  3637 | D:5      | Gained mutation: You are resistant to electric shocks.
                  | (rElec) [potion of mutation]
  3665 | D:6      | Reached XP level 7. HP: 55/61 MP: 6/6
  3682 | D:6      | Reached skill level 5 in Shields
  3704 | D:6      | Reached skill level 5 in Axes
  3742 | D:6      | Reached skill level 5 in Armour
  3849 | D:6      | Found a shimmering blue altar of Sif Muna.
  3914 | D:6      | Reached XP level 8. HP: 70/70 MP: 7/7
  4025 | D:6      | Noticed an unseen horror
  4032 | D:6      | Killed an unseen horror
  4235 | D:6      | Upgraded the game from 0.30-a0-451-ge042605de7 to
                  | 0.30-a0-457-g4b7bca3bfa
  4316 | D:7      | Found a white marble altar of Elyvilon.
  4327 | D:7      | Noticed a boulder beetle
  4343 | D:7      | Reached XP level 9. HP: 23/78 MP: 8/8
  4356 | D:7      | Killed a boulder beetle
  4712 | D:7      | Noticed a kobold demonologist
  4718 | D:7      | Noticed a hellwing
  4723 | D:7      | Killed a kobold demonologist
  4724 | D:7      | Reached skill level 5 in Evocations
  4724 | D:7      | Reached XP level 10. HP: 86/88 MP: 9/9
  4813 | D:7      | Identified the +10 plate armour of Vyth {rC+ rN+ Str-2
                  | SInv}
  4894 | D:7      | Found a staircase to the Ecumenical Temple.
  4912 | D:7      | Noticed Maggie
  4939 | D:7      | Killed Maggie
  4948 | Temple   | Entered the Ecumenical Temple
  4948 | Temple   | Found a transporter.
  4948 | Temple   | Found a transporter.
  4950 | Temple   | Found a transporter.
  4950 | Temple   | Found a transporter.
  4965 | Temple   | Became a worshipper of Nemelex Xobeh the Trickster
  5036 | D:7      | Found a bloodstained altar of Trog.
  5116 | D:7      | Reached skill level 1 in Invocations
  5423 | D:8      | Reached skill level 5 in Dodging
  6273 | D:9      | Noticed a two-headed ogre
  6289 | D:9      | Killed a two-headed ogre
  6488 | D:9      | Reached * piety under Nemelex Xobeh
  6489 | D:9      | Received a gift from Nemelex Xobeh
  6703 | D:9      | Reached XP level 11. HP: 73/95 MP: 11/13
  6704 | D:9      | Reached skill level 5 in Invocations
  6711 | D:9      | Noticed a cyclops
  6717 | D:9      | Killed a cyclops
  7156 | D:10     | Entered Level 10 of the Dungeon
  7300 | D:10     | Found a staircase to the Lair.
  7797 | D:10     | Found Toerruo Mica's Antique Weapon Shoppe.
  8344 | Lair:1   | Entered Level 1 of the Lair of Beasts
  8361 | Lair:1   | Reached ** piety under Nemelex Xobeh
  8693 | Lair:1   | Reached skill level 10 in Axes
  8788 | Lair:1   | Noticed a boulder beetle
  8817 | Lair:1   | Killed a boulder beetle
  8818 | Lair:1   | Reached XP level 12. HP: 36/106 MP: 16/16
  9639 | Lair:2   | You fall into a shaft and drop 2 floors!
  9676 | Lair:4   | Received a gift from Nemelex Xobeh
  9718 | Lair:4   | Found a viscous altar of Jiyva.
  9719 | Lair:4   | Found a staircase to the Slime Pits.
  9757 | Lair:4   | Found a gate leading to a gauntlet.
  9766 | Gauntlet | Entered a Gauntlet
  9766 | Gauntlet | Found a transporter.
  9766 | Gauntlet | Found a transporter.
  9767 | Gauntlet | Found a transporter.
  9768 | Gauntlet | Found a transporter.
  9769 | Gauntlet | Found a transporter.
  9769 | Gauntlet | Noticed a soul eater
  9771 | Gauntlet | Reached *** piety under Nemelex Xobeh
  9772 | Gauntlet | Found a transporter.
  9775 | Gauntlet | Noticed a tengu warrior
  9780 | Gauntlet | Found a transporter.
  9780 | Gauntlet | Found a transporter.
  9788 | Gauntlet | Found a transporter.
  9790 | Gauntlet | Found a transporter.
  9799 | Gauntlet | Found a transporter.
  9801 | Gauntlet | Found a transporter.
  9893 | Gauntlet | Identified the ring of Xom's Capriciousness {+Blink rPois
                  | rC++ Will+}
 10092 | Gauntlet | Reached skill level 10 in Fighting
 10102 | Gauntlet | HP: 4/106 [acid (9)]
 10103 | Gauntlet | Slain by a brown ugly thing

Illustrated notes

Levels and vault maps discovered:
D:1:      minmay_arrival_checkered_box, layout_basic, minmay_hedge_maze,
          minmay_misc_feat_ornament, st_stairs_3, minmay_gold_behind_fungi,
          minmay_misc_feat_room
D:2:      layout_basic, serial_corexii_hall, chequers_hall_statues_wall_a,
          corexii_hall_statues_x
D:3:      layout_loops_ring, lemuel_crystal_altar,
          ebering_ecumenical_altar_petrified
D:4:      layout_loops_cross, ebering_ghost_inner_flame,
          chequers_decorated_corner, uniq_ijyb
D:5:      kennysheep_spiral_hall, layout_basic, lemuel_doored_altar,
          gammafunk_ghost_hive
D:6:      layout_basic, mainiacjoe_overflow_boulevard
D:7:      cheibrodos_fzero, layout_rooms, kennysheep_mini_moat,
          overflow_temple_1_default, minmay_temple_entry_slanted, minivault_23,
          uniq_maggie
D:8:      layout_basic
D:9:      layout_gridville
D:10:     layout_loops_ring, erik_lair_island, serial_shops, shop,
          kennysheep_dice
Temple:   hellmonk_temple_divided_pantheon
Lair:1:   layout_cave_pods, lemuel_fruit_tree, serial_bayou_shore_a
Lair:2:   layout_long_grid, palyth_hydra_swamp_entry, lemuel_fruit_fields
Lair:4:   layout_cave_pods, slime_entry_1, gauntlet_entry_generic,
          minmay_lair_oklob_bushes
Gauntlet: minmay_gauntlet_mixed_big_or_small
          [gammafunk_gauntlet_arena_arrow_garden,
          minmay_gauntlet_arena_77_terracotta_army,
          nicolae_gauntlet_arena_blocks, minmay_gauntlet_arena_77_museum,
          gammafunk_gauntlet_arena_crates,
          minmay_gauntlet_arena_77_double_cross, gauntlet_exit_green]

Skill      XL: |  1  2  3  4  5  6  7  8  9 10 11 12 |
---------------+-------------------------------------+-----
Axes           | 3 4 5 6 7 9 10 | 10.6
Fighting       | 4 5 6 7 8 9 10 | 10.0
Dodging        | 1 2 3 4 5 6 |  6.4
Shields        | 4 5 6 7 8 9 |  9.1
Armour         | 4 5 6 7 8 9 |  9.1
Evocations     | 1 2 3 5 6 7 |  7.3
Invocations    | 4 8 9 |  9.1

Action                   |  1- 3 |  4- 6 |  7- 9 | 10-12 || total
-------------------------+-------+-------+-------+-------++-------
Melee: War axe           |    96 |   114 |   172 |   476 ||   858
Throw: Throwing net      |       |       |       |     1 ||     1
Invok: Draw Destruction  |       |       |       |     2 ||     2
Evoke: Wand              |       |       |     3 |       ||     3
  Use: Scroll            |     5 |     8 |       |     4 ||    17
       Potion            |     3 |     7 |     2 |    10 ||    22
 Stab: Invisible         |       |     1 |     2 |       ||     3
Armor: Scale mail        |    57 |       |       |       ||    57
       Ring mail         |     4 |       |       |       ||     4
       Chain mail        |       |    67 |    97 |     2 ||   166
       Plate armour      |       |       |       |   354 ||   354
Dodge: Dodged            |    59 |    42 |    63 |   227 ||   391
Block: Buckler           |    24 |    26 |    91 |   287 ||   428
       Reflection        |       |       |     7 |     3 ||    10

Table legend: (Time is in decaauts)
 A = Elapsed time spent in this place.
 B = Non-inter-level travel time spent in this place.
 C = Inter-level travel time spent in this place.
 D = Time resting spent in this place.
 E = Time spent auto-exploring this place.
 F = Levels seen in this place.
 G = Mean time per level.
                   A        B        C        D        E       F      G
               +--------+--------+--------+--------+--------+-----+--------+
         Total |  10267 |   9882 |    385 |    126 |   7763 |  15 |  684.5 |
       Dungeon |   8453 |   8190 |    263 |     31 |   6626 |  10 |  845.3 |
        Temple |     33 |     19 |     14 |      0 |      0 |   1 |   33.0 |
          Lair |   1444 |   1338 |    106 |      0 |   1137 |   3 |  481.3 |
      Gauntlet |    336 |    336 |      0 |     95 |      0 |   1 |  336.0 |
               +--------+--------+--------+--------+--------+-----+--------+

Top non-repeatable levels by time:
  Lair:1: 1274 daAuts
     D:9: 1203 daAuts
    D:10: 1194 daAuts
     D:7: 975 daAuts
     D:2: 959 daAuts
     D:1: 833 daAuts
     D:8: 712 daAuts
     D:4: 674 daAuts
     D:5: 662 daAuts
     D:6: 643 daAuts
     D:3: 595 daAuts
Gauntlet: 336 daAuts
  Lair:4: 127 daAuts
  Lair:2: 42 daAuts
  Temple: 33 daAuts
